 Dungeon Crawl Stone Soup version 0.27-a0-1202-ge72e49191c (webtiles) character file.

Game seed: 12293693847324495355

10101 27snakeeyes612 the Cleaver (level 11, -7/94 (100) HPs)
             Began as a Naga Fighter on June 4, 2021.
             Was an Elder of Cheibriados.
             Mangled by a two-headed ogre
             ... wielding a +0 giant club
              (20 damage)
             ... on level 10 of the Dungeon.
             The game lasted 00:10:55 (7929 turns).

27snakeeyes612 the Cleaver (Naga Fighter)           Turns: 7929, Time: 00:10:56

HP:   -7/94 (100)   AC: 11    Str: 31    XL:     11   Next: 56%
MP:   7/13          EV:  9    Int: 21    God:    Cheibriados [****..]
Gold: 585           SH: 12    Dex: 20    Spells: 10/10 levels left

rFire    . . .     SeeInvis +   k - +4 broad axe (flame)
rCold    + + +     Faith    .   c - +0 kite shield
rNeg     . . .     Spirit   .   b - +0 scale mail
rPois    +         Reflect  .   (no helmet)
rElec    .         Harm     .   (no cloak)
rCorr    .         Rampage  .   h - +1 pair of gloves
Will     +....                  (no barding)
Stlth    +.........             e - amulet of regeneration
HPRegen  1.25/turn              t - ring "Burcherph" {rPois rC++ Int+4}
MPRegen  0.13/turn              u - ring of protection from cold

@: drained, very slow
A: AC +3, large, see invisible, deformed body, poison resistance, slowness 2,
spit poison 1, naga tail 1
a: Spit Poison, Renounce Religion, Bend Time, Temporal Distortion, Slouch


You were on level 10 of the Dungeon.
You worshipped Cheibriados.
Cheibriados was greatly pleased with you.
You visited 1 branch of the dungeon, and saw 10 of its levels.

You collected 585 gold pieces.

Inventory:

Hand Weapons
 a - a +0 war axe
 k - a +4 broad axe of flaming (weapon)
Missiles
 G - 7 throwing nets
Armour
 b - a +0 scale mail (worn)
 c - a +0 kite shield (worn)
 h - a +1 pair of gloves (worn)
Jewellery
 d - a +6 ring of dexterity
 e - an amulet of regeneration (around neck)
 l - a ring of poison resistance
 n - an amulet of faith
 o - a ring of positive energy
 q - a +6 ring of dexterity
 t - the ring "Burcherph" (left hand) {rPois rC++ Int+4}
   (You found it on level 5 of the Dungeon)

   [ring of poison resistance]

   It affects your intelligence (+4).
   It greatly protects you from cold.
   It protects you from poison.
 u - a ring of protection from cold (right hand)
 A - a ring of positive energy
 C - a ring of wizardry
 K - an amulet of reflection
 L - a +6 ring of intelligence
 M - a ring of resist corrosion
Wands
 v - a wand of iceblast (18) (quivered)
 y - a wand of mindburst (43)
 z - a wand of flame (10)
 B - a wand of polymorph (7)
 J - a wand of acid (4)
Scrolls
 f - 4 scrolls of teleportation
 j - a scroll of fear
 m - 8 scrolls of identify
 p - 3 scrolls of enchant armour
 x - 4 scrolls of fog
 D - a scroll of vulnerability
 E - 2 scrolls of noise
 H - 2 scrolls of amnesia
Potions
 i - a potion of ambrosia
 r - 5 potions of curing
 s - a potion of magic {unknown}
 w - 2 potions of attraction {unknown}
 F - a potion of invisibility
 I - a potion of cancellation {unknown}
 N - a potion of haste {unknown}
 P - a potion of degeneration {unknown}
 Q - a potion of heal wounds {unknown}
 R - a potion of might


   Skills:
 + Level 7.4 Fighting
 + Level 10.9 Axes
 + Level 7.5 Armour
 + Level 3.4 Dodging
 + Level 3.0 Stealth
 + Level 6.7 Shields
 * Level 2.8 Invocations
 + Level 0.8 Evocations


You had 10 spell levels left.
You didn't know any spells.
Your spell library contained the following spells:

 Spells                   Type           Power      Damage    Failure   Level
 Freeze                   Ice            0%         1d3       50%         1
 Magic Dart               Conj           0%         1d3       50%         1
 Blink                    Tloc           N/A        N/A       63%         2
 Call Imp                 Summ           0%         N/A       63%         2
 Searing Ray              Conj           0%         3d3       63%         2
 Slow                     Hex            0%         N/A       63%         2
 Conjure Flame            Conj/Fire      0%         6-21      86%         3
 Dazzling Flash           Conj/Hex       0%         N/A       86%         3
 Frozen Ramparts          Ice            0%         1d2       86%         3
 Mephitic Cloud           Conj/Pois/Air  0%         N/A       86%         3
 Ozocubu's Armour         Ice            0%         N/A       86%         3
 Fulminant Prism          Conj/Hex       0%         3d6       99%         4
 Hailstorm                Conj/Ice       0%         3d3       99%         4
 Iskenderun's Mystic Bla  Conj/Tloc      0%         2d3       99%         4
 Metabolic Englaciation   Hex/Ice        0%         N/A       100%        5


Dungeon Overview and Level Annotations

Branches:
Dungeon (10/15)            Temple (0/1) D:7            Lair (0/6) D:9
    Orc (0/2) D:10

Altars:
Ashenzari
Cheibriados
Dithmenos
Gozag
Hepliaklqana
Makhleb
Nemelex Xobeh
Ru
Uskayaw
Vehumet
Wu Jian
Yredelemnul
The Shining One
Jiyva

Shops:
D:7 =   D:9 (

Annotations:
D:10 1 runed translucent door


Innate Abilities, Weirdness & Mutations

Your serpentine skin is tough. (AC +3)
You have supernaturally acute eyesight. (SInv)
Armour fits poorly on your strangely shaped body.
Your system is resistant to poisons. (rPois)
You cover ground very slowly.
You can spit poison.
You have a snake-like lower body.


Message History

A profound silence engulfs you.
It was a scroll of silence.
You see here a +0 war axe.
Your hearing returns.
You feel your willpower return.
Things that are here:
a +0 shortbow of flaming; 18 arrows You start waiting.
Done waiting.
Found 10 arrows.
r - 5 potions of curing (gained 1)
You see here 10 arrows.
Found a runed morningstar.
A two-headed ogre comes into view.
It is wielding a +0 giant club and a +0 giant spiked club.
The two-headed ogre shouts in stereo!
Found a large beryl amulet.
Found a stone staircase leading down.
A two-headed ogre is nearby!
A two-headed ogre is nearby!
A two-headed ogre is nearby!
The two-headed ogre hits you with a +0 giant club!!
The two-headed ogre hits you with a +0 giant spiked club!!
You are too injured to fight recklessly!
You are too injured to fight recklessly!
You are too injured to fight recklessly!
You slice the two-headed ogre!! You burn the two-headed ogre.
The two-headed ogre is moderately wounded.
The two-headed ogre barely misses you.
The two-headed ogre hits you with a +0 giant spiked club!!
* * * LOW HITPOINT WARNING * * *
The flow of time bends around you.
The two-headed ogre resists with some effort.
The two-headed ogre hits you with a +0 giant club!
* * * LOW HITPOINT WARNING * * *
You block the two-headed ogre's attack.
You slash the two-headed ogre! You burn the two-headed ogre.
The two-headed ogre is heavily wounded.
The flow of time bends around you.
Cheibriados rebukes the two-headed ogre.
The two-headed ogre seems to slow down.
The two-headed ogre hits you with a +0 giant club!!
You die...

........# #.# # #..####.# #.# #
#..# #.# # #..# #.# # #..# #.###
# ...# #...####### #.##
##############......... #.#
##.................##### #.#
.."..>O@...............#
#.######..#.#####..#...##....##.#
#......... #..(.....[.#.....
.......... #.##...##....####
......(... #.###..##.#.## #
########## #.# ##)##.#.# .......#
#.# #.##.#.# ######.# #.#
#.##.#.# #.# #.####)##...# #


You could see a two-headed ogre (slow).

Vanquished Creatures
  Erolcha (D:8)
  A two-headed ogre (D:8)
  A kobold demonologist (D:10)
  A troll (D:6)
  Grinder (D:5)
  Sigmund (D:5)
  A vampire (D:9)
  17 yaks
  3 wyverns (D:9)
  A steam dragon (D:7)
  6 water moccasins
  2 orc warriors
  3 black bears
  A sky beast (D:6)
  A hornet zombie (D:6)
  3 ogres
  2 necrophages
  A centaur (D:10)
  A wolf (D:8)
  A phantom (D:5)
  2 kobold brigands
  2 gnoll sergeants
  2 bullfrogs
  A scorpion (D:5)
  18 killer bees
  10 wights
  2 howler monkeys
  An electric eel (D:8)
  2 bullfrog zombies
  3 centaur skeletons
  4 hounds
  4 jellies
  6 orc priests
  A gnoll shaman (D:8)
  4 iguanas
  5 orc wizards
  A howler monkey zombie (D:10)
  9 adders
  16 gnolls
  A river rat (D:6)
  3 dart slugs
  31 orcs
  4 ball pythons
  3 endoplasms
  A giant cockroach (D:2)
  6 goblins
  11 hobgoblins
  6 jackals
  8 kobolds
  8 quokkas
  4 bats
  3 frilled lizards
  7 rats
  A spectral orc (D:8)
239 creatures vanquished.

Vanquished Creatures (others)
  3 fungi (D:9)
  10 plants (D:9)
13 creatures vanquished.

Grand Total: 252 creatures vanquished

Notes
Turn   | Place    | Note
-------+----------+-------------------------------------------
     0 | D:1      | 27snakeeyes612 the Naga Fighter began the quest for the
                  | Orb.
     0 | D:1      | Reached XP level 1. HP: 21/21 MP: 1/1
   374 | D:1      | Reached XP level 2. HP: 28/28 MP: 2/2
  1051 | D:2      | Reached XP level 3. HP: 34/34 MP: 3/3
  1359 | D:2      | Reached XP level 4. HP: 40/42 MP: 4/4
  1610 | D:3      | Found a sparkling altar of Nemelex Xobeh.
  1618 | D:3      | Reached skill level 3 in Axes
  1618 | D:3      | HP: 2/42 [orc wizard/magic dart (3)]
  1621 | D:3      | Reached XP level 5. HP: 7/49 MP: 5/5
  1943 | D:3      | Reached XP level 6. HP: 7/56 MP: 6/6
  2068 | D:3      | Found a radiant altar of Vehumet.
  2341 | D:4      | Reached skill level 1 in Dodging
  2341 | D:4      | Reached skill level 1 in Stealth
  2467 | D:4      | Reached skill level 4 in Axes
  2945 | D:5      | Entered Level 5 of the Dungeon
  2953 | D:5      | Noticed Sigmund
  2968 | D:4      | Identified a scroll of acquirement
  2968 | D:4      | Acquired a +1 broad axe of flaming
  2989 | D:5      | Killed Sigmund
  2990 | D:5      | Reached XP level 7. HP: 60/63 MP: 7/7
  3017 | D:5      | Noticed Grinder
  3031 | D:5      | Paralysed by Grinder for 4 turns
  3036 | D:5      | Killed Grinder
  3037 | D:5      | Reached skill level 5 in Axes
  3100 | D:5      | Identified the ring "Burcherph" {rPois rC++ Int+4}
  3149 | D:5      | Reached XP level 8. HP: 73/73 MP: 8/8
  3202 | D:5      | Found a hazy altar of Hepliaklqana.
  3206 | D:5      | Found a sacrificial altar of Ru.
  3206 | D:5      | Found an opulent altar of Gozag.
  3245 | D:5      | Noticed a yak
  3245 | D:5      | Noticed a yak
  3247 | D:5      | Noticed a yak
  3249 | D:5      | Reached skill level 6 in Axes
  3257 | D:5      | Killed a yak
  3260 | D:5      | Killed a yak
  3262 | D:5      | Killed a yak
  3263 | D:5      | Reached skill level 7 in Axes
  3340 | D:5      | Reached skill level 5 in Armour
  3348 | D:5      | Found a glowing golden altar of the Shining One.
  3370 | D:5      | Reached skill level 5 in Fighting
  3373 | D:5      | Reached XP level 9. HP: 81/81 MP: 9/9
  3414 | D:5      | Found a shadowy altar of Dithmenos.
  3833 | D:6      | Noticed a troll
  3843 | D:6      | Killed a troll
  4035 | D:6      | Found a snail-covered altar of Cheibriados.
  4059 | D:6      | Found a hide-covered altar of Uskayaw.
  4087 | D:6      | Became a worshipper of Cheibriados the Contemplative
  4259 | D:6      | Reached skill level 8 in Axes
  4873 | D:7      | Reached * piety under Cheibriados
  4992 | D:7      | Found Zycouzee's Jewellery Shop.
  5088 | D:7      | Found a staircase to the Ecumenical Temple.
  5374 | D:8      | Found a viscous altar of Jiyva.
  5386 | D:7      | Reached skill level 5 in Shields
  5518 | D:8      | Reached XP level 10. HP: 82/90 MP: 10/10
  5619 | D:8      | Reached ** piety under Cheibriados
  5630 | D:8      | Reached skill level 9 in Axes
  5896 | D:8      | Found a basalt altar of Yredelemnul.
  6040 | D:8      | Noticed a two-headed ogre
  6048 | D:8      | Killed a two-headed ogre
  6049 | D:8      | Reached skill level 1 in Invocations
  6465 | D:9      | Noticed Erolcha
  6503 | D:8      | Killed Erolcha
  6504 | D:8      | Reached skill level 10 in Axes
  6504 | D:8      | Reached XP level 11. HP: 75/100 MP: 9/12
  6581 | D:9      | Found Ycewkowey's Hydra Hut.
  6583 | D:9      | Noticed a five-headed hydra
  6671 | D:9      | Reached *** piety under Cheibriados
  6723 | D:9      | Found a broken altar of Ashenzari.
  6955 | D:9      | Reached **** piety under Cheibriados
  6993 | D:9      | Found a staircase to the Lair.
  7156 | D:9      | Found an ornate altar of the Wu Jian Council.
  7217 | D:10     | Entered Level 10 of the Dungeon
  7559 | D:10     | Found a staircase to the Orcish Mines.
  7725 | D:10     | Found a runed translucent door.
  7726 | D:10     | Found a burning altar of Makhleb.
  7726 | D:10     | Noticed a sixfirhy
  7924 | D:10     | Noticed a two-headed ogre
  7929 | D:10     | Mangled by a two-headed ogre

Illustrated notes

Levels and vault maps discovered:
D:1:      lemuel_arrival_broad_hall, layout_basic,
          chequers_serial_rivers_micro_b
D:2:      layout_rooms, chequers_garden
D:3:      layout_basic, old_standard_altar, lemuel_coloured_pillars_altar,
          kennysheep_potato
D:4:      layout_loops_ring, hangedman_decor_peaks_small
D:5:      layout_basic, general_overflow_altar, kennysheep_mini_moat,
          nicolae_overflow_hidden_temple, uniq_grinder, uniq_sigmund
D:6:      layout_loops_ring, nicolae_uskayaw_dance_studio, kennysheep_mini,
          gup_sewer_entry_spiral, minmay_misc_feat_iff
D:7:      layout_rooms, minmay_temple_entry_glassed_door, serial_shops, shop
D:8:      layout_cave_pools, yredelemnul_forgotten_temple_becter,
          serial_gnoll_camp, gnoll_camp_mini_loothouse, gnoll_camp_medium_01,
          gnoll_camp_mini_doghouse, grunt_ogre_cave, kennysheep_donut,
          jiyva_altar_1
D:9:      layout_roguey, nzn_wu_jian_council_hall, overflow_temple_1_default,
          minmay_lair_entry_grove, doesnt_shop_hydraphobe, uniq_erolcha
D:10:     layout_loops_ring, nzn_makhleb_speed_demon, orc_0_dummy

Skill      XL: |  1  2  3  4  5  6  7  8  9 10 11 |
---------------+----------------------------------+-----
Armour         | 3 4 5 6 7 |  7.5
Axes           | 3 4 5 7 8 10 | 10.9
Shields        | 3 4 5 6 |  6.7
Dodging        | 1 2 3 |  3.4
Stealth        | 2 3 |  3.0
Fighting       | 4 5 6 7 |  7.4
Invocations    | 2 |  2.8
Evocations     | |  0.8

Action                   |  1- 3 |  4- 6 |  7- 9 | 10-12 || total
-------------------------+-------+-------+-------+-------++-------
Melee: War axe           |   129 |   169 |       |       ||   298
       Broad axe         |       |    14 |   213 |   253 ||   480
Invok: Bend Time         |       |       |     5 |    15 ||    20
 Abil: Spit Poison       |       |     1 |     5 |       ||     6
Evoke: Wand              |       |       |       |     8 ||     8
  Use: Scroll            |       |     9 |     1 |     6 ||    16
       Potion            |       |     2 |     2 |       ||     4
 Stab: Invisible         |       |     2 |       |       ||     2
Armor: Scale mail        |    65 |    77 |   105 |   135 ||   382
Dodge: Dodged            |    36 |    64 |    94 |   137 ||   331
Block: Kite shield       |    68 |   112 |   152 |   252 ||   584

Table legend: (Time is in decaauts)
 A = Elapsed time spent in this place.
 B = Non-inter-level travel time spent in this place.
 C = Inter-level travel time spent in this place.
 D = Time resting spent in this place.
 E = Time spent auto-exploring this place.
 F = Levels seen in this place.
 G = Mean time per level.
                   A        B        C        D        E       F      G
               +--------+--------+--------+--------+--------+-----+--------+
         Total |  12415 |  11927 |    488 |    311 |   9250 |  10 | 1241.5 |
       Dungeon |  12415 |  11927 |    488 |    311 |   9250 |  10 | 1241.5 |
               +--------+--------+--------+--------+--------+-----+--------+

Top non-repeatable levels by time:
     D:8: 1812 daAuts
     D:6: 1750 daAuts
    D:10: 1462 daAuts
     D:1: 1352 daAuts
     D:9: 1329 daAuts
     D:3: 1214 daAuts
     D:5: 1038 daAuts
     D:7: 1007 daAuts
     D:4: 891 daAuts
     D:2: 557 daAuts
